 Dungeon Crawl Stone Soup version 0.21.0-3-g78d12a8 (webtiles) character file.

2914 quantumfuzzball the Cudgeler (level 9, -5/54 HPs)
             Began as a Gargoyle Conjurer on Jan 15, 2018.
             Was a Believer of Okawaru.
             Slain by a two-headed ogre
             ... wielding a +0 dire flail
              (14 damage)
             ... on level 7 of the Dungeon.
             The game lasted 00:44:17 (11661 turns).

quantumfuzzball the Cudgeler (Gargoyle Conjurer)   Turns: 11661, Time: 00:44:18

Health: -5/54      AC: 22    Str: 16    XL:     9   Next: 78%
Magic:  11/13      EV:  7    Int: 15    God:    Okawaru [**....]
Gold:   450        SH:  8    Dex: 10    Spells: 11/12 levels left

rFire    . . .     SeeInvis .   u - +0 mace (holy)
rCold    . . .     Gourm    .   o - +2 buckler
rNeg     + . .     Faith    .   g - +0 plate armour
rPois    ∞         Spirit   .   (no helmet)
rElec    +         Reflect  .   (no cloak)
rCorr    .         Harm     .   k - +0 pair of gloves
MR       .....                  (no boots)
Stlth    ..........             (no amulet)
HPRegen  0.18/turn              (no ring)
MPRegen  0.13/turn              (no ring)

@: heroism
A: negative energy resistance 1, electricity resistance, unbreathing,
petrification resistance, rot immunity, AC +6
a: Heroism, Renounce Religion


You were on level 7 of the Dungeon.
You worshipped Okawaru.
Okawaru was pleased with you.
You were not hungry.

You visited 2 branches of the dungeon, and saw 9 of its levels.
You also visited: Ossuary.

You collected 450 gold pieces.

Inventory:

Hand Weapons
 t - a +0 whip of holy wrath
 u - a +0 mace of holy wrath (weapon)
 v - a +0 morningstar
Missiles
 e - 237 stones (quivered)
 l - 2 throwing nets
Armour
 g - a +0 plate armour (worn)
 i - a +0 buckler
 k - a +0 pair of gloves (worn)
 o - a +2 buckler (worn)
Wands
 j - a wand of iceblast (5)
 w - a wand of polymorph (14)
Scrolls
 a - 4 scrolls of remove curse
 m - 10 scrolls of identify
 n - a scroll of enchant weapon
 q - 3 scrolls of amnesia
 r - a scroll of noise
 s - a scroll of fear {unknown}
 y - a scroll of magic mapping
Potions
 d - 6 potions of curing
 h - 5 potions of magic
 x - 2 potions of brilliance
Books
 b - a book of Conjurations

   Spells                             Type                      Level
   a - Magic Dart                     Conjuration                  1
   b - Searing Ray                    Conjuration                  2
   c - Dazzling Spray                 Conjuration/Hexes            3
   d - Fulminant Prism                Conjuration/Hexes            4
   e - Force Lance                    Conjuration/Translocation    4
   f - Iskenderun's Mystic Blast      Conjuration                  4
Comestibles
 c - 7 rations


   Skills:
 + Level 5.5(10.5) Fighting
 * Level 6.4(11.4) Maces & Flails
 + Level 5.3(10.3) Armour
 - Level 1.7(6.7) Dodging
 - Level 2.4(7.4) Stealth
 + Level 4.6(9.6) Shields
 - Level 2.1 Spellcasting
 - Level 4.5 Conjurations
 - Level 6.0 Invocations
 + Level 4.0 Evocations


You had 11 spell levels left.
You knew the following spells:

 Your Spells              Type           Power        Failure   Level  Hunger
a - Magic Dart            Conj           ###.         69%         1    #......


Dungeon Overview and Level Annotations

Branches:
Dungeon (8/15)             Temple (1/1) D:7
   Lair: D:8-11

Altars:
Ashenzari
Cheibriados
Dithmenos
Fedhas
Gozag
Hepliaklqana
Kikubaaqudgha
Makhleb
Nemelex Xobeh
Okawaru
Qazlal
Ru
Trog
Uskayaw
Vehumet
Wu Jian
Xom
Yredelemnul
The Shining One

Annotations:
D:8 Erica, Joseph


Innate Abilities, Weirdness & Mutations

You are resistant to torment.
Your stone body is resilient. (AC +6)
You are immune to poison.
You resist negative energy. (rN+)
You are resistant to electric shocks. (rElec)
You can survive without breathing.
You are immune to petrification.
You are immune to rotting.


Message History

The two-headed ogre hits you with a dire flail.
The two-headed ogre hits you with a giant club!
* * * LOW HITPOINT WARNING * * *
You thump the two-headed ogre!
The two-headed ogre is lightly wounded.
The two-headed ogre hits you but does no damage.
The two-headed ogre barely misses you.
You sock the two-headed ogre!
The two-headed ogre is moderately wounded.
You block the two-headed ogre's attack.
The two-headed ogre hits you with a giant club.
* * * LOW HITPOINT WARNING * * *
Okay, then.
As you read the scroll labeled MOHIETUEGG, it crumbles to dust.
It is a scroll of amnesia.
Okay, then.
As you read the scroll labeled YGOSKA MEUP, it crumbles to dust.
Wisps of shadow whirl around you...
It was a scroll of summoning.
The two-headed ogre hits you with a dire flail!
You die...

###############
#.............######
#.###########.z....# #.#
#.####.########### ####.#
#z# #............ ..##.#
#z# ####......... ..##.#
#Z#######.######## ..##.#
#@zr......# # .....#
#O######### # .....#
#.##### # .....# #.....# #
..#### #####.....###### #
..# #####..............# #
..######.......#..........#
#
......(...>....#.....###..#
## #####.#.<......#.#.###
#..# #.


You could see a two-headed ogre, 4 friendly wights, a friendly killer bee zombie
and a friendly quokka.

Vanquished Creatures
  The ghost of xordid the Basher, a novice HuWn of Ashenzari (D:6)
  A water moccasin (D:8)
  A sky beast (D:5)
  An ice beast (D:5)
  An orc warrior (D:7)
  A phantom (D:5)
  A necrophage (D:7)
  2 ogres
  A crocodile (D:7)
  2 centaurs
  4 bullfrogs
  A scorpion (D:6)
  4 howler monkeys
  4 centaur zombies
  A crimson imp (D:8)
  A bullfrog zombie (D:5)
  A jelly (D:7)
  A gnoll shaman (D:6)
  3 human zombies (Ossuary)
  3 orc priests
  6 orc wizards
  5 worker ants
  A big kobold zombie (Ossuary)
  2 hound zombies
  A hound skeleton (D:5)
  3 mummies (Ossuary)
  A howler monkey zombie (D:6)
  4 gnolls
  7 adders
  A shadow imp (D:8)
  An ooze (D:2)
  5 adder zombies (Ossuary)
  2 adder skeletons
  2 worms
  2 dart slugs
  2 leopard geckos (D:1)
  25 orcs
  12 bats
  7 giant cockroaches
  A gnoll zombie (Ossuary)
  10 goblins
  3 hobgoblins
  19 jackals
  3 quokkas
  A ball python (D:5)
  2 frilled lizards
  3 goblin zombies (Ossuary)
  4 jackal zombies (Ossuary)
  10 kobolds
  4 kobold zombies (Ossuary)
  A leopard gecko skeleton (D:5)
  5 quokka zombies
  5 rats
  2 rat zombies (Ossuary)
197 creatures vanquished.

Notes
Turn   | Place    | Note
-------+----------+-------------------------------------------
     0 | D:1      | quantumfuzzball the Gargoyle Conjurer began the quest for the Orb.
     0 | D:1      | Reached XP level 1. HP: 10/10 MP: 3/3
   204 | D:1      | Reached XP level 2. HP: 13/15 MP: 1/5
   586 | D:1      | Reached skill level 1 in Fighting
  1147 | D:1      | Reached XP level 3. HP: 19/20 MP: 6/6
  1575 | D:2      | Found a sparkling altar of Nemelex Xobeh.
  1581 | D:2      | Reached skill level 1 in Armour
  1587 | D:2      | Found an ornate altar of the Wu Jian Council.
  1625 | D:2      | Found a stormy altar of Qazlal.
  1895 | D:2      | Noticed a sky beast
  2596 | D:2      | Found an iron altar of Okawaru.
  2613 | D:2      | Became a worshipper of Warmaster Okawaru
  2705 | D:2      | Reached XP level 4. HP: 23/27 MP: 7/7
  3421 | D:3      | Reached skill level 1 in Maces & Flails
  3610 | D:3      | Found a blossoming altar of Fedhas.
  3610 | D:3      | Found a sacrificial altar of Ru.
  3793 | D:3      | Reached XP level 5. HP: 27/32 MP: 8/8
  4271 | D:4      | Found an opulent altar of Gozag.
  4380 | D:4      | Reached skill level 1 in Evocations
  4502 | D:4      | Noticed an ogre
  4516 | D:5      | Entered Level 5 of the Dungeon
  4557 | D:5      | Found a sand-covered staircase.
  4562 | Ossuary  | Entered an ossuary
  4651 | Ossuary  | Reached skill level 1 in Shields
  4651 | Ossuary  | Reached skill level 1 in Invocations
  5072 | Ossuary  | Reached XP level 6. HP: 35/37 MP: 9/9
  5504 | D:6      | Reached XP level 7. HP: 30/41 MP: 10/10
  5769 | D:6      | Reached * piety under Okawaru
  5918 | D:6      | Found a blossoming altar of Fedhas.
  6239 | D:5      | Found a basalt altar of Yredelemnul.
  6342 | D:5      | Reached XP level 8. HP: 47/48 MP: 11/11
  6353 | D:5      | Found a hazy altar of Hepliaklqana.
  7588 | D:6      | Noticed xordid's ghost (novice HuWn)
  8461 | D:6      | Killed xordid's ghost
  8461 | D:6      | Reached skill level 5 in Maces & Flails
  8461 | D:6      | Reached skill level 5 in Invocations
  8461 | D:6      | Reached XP level 9. HP: 31/53 MP: 10/13
  8773 | D:7      | Found a staircase to the Ecumenical Temple.
  8785 | Temple   | Entered the Ecumenical Temple
  9616 | D:7      | Reached ** piety under Okawaru
  9703 | D:7      | Reached skill level 5 in Fighting
 10511 | D:8      | Found a burning altar of Makhleb.
 10520 | D:8      | Reached skill level 5 in Armour
 10783 | D:8      | Noticed a two-headed ogre
 11171 | D:8      | Noticed Joseph
 11488 | D:8      | Found a shimmering altar of Xom.
 11522 | D:8      | Noticed Erica
 11661 | D:7      | Slain by a two-headed ogre

Skill      XL: |  1  2  3  4  5  6  7  8  9 |
---------------+----------------------------+-----
Fighting       | 1 2 3 4 5 |  5.5
Armour         | 1 2 3 4 5 |  5.3
Maces & Flails | 1 2 3 5 6 |  6.4
Evocations     | 1 2 3 4 |  4.0
Shields        | 1 2 3 4 |  4.6
Invocations    | 1 2 3 5 6 |  6.0
Dodging        | |  1.7
Stealth        | |  2.4
Spellcasting   | |  2.1
Conjurations   | |  4.5

Action                   |  1- 3 |  4- 6 |  7- 9 || total
-------------------------+-------+-------+-------++-------
Melee: Unarmed           |    43 |       |       ||    43
       Dagger            |   357 |    26 |       ||   383
       Club              |    44 |       |       ||    44
       Mace              |       |   128 |   471 ||   599
       Whip              |       |   304 |     6 ||   310
       Morningstar       |       |       |   201 ||   201
 Cast: Magic Dart        |     5 |       |       ||     5
Invok: Heroism           |       |       |    21 ||    21
Evoke: Wand              |       |       |     1 ||     1
  Use: Scroll            |     4 |     3 |     6 ||    13
       Potion            |     2 |     1 |     5 ||     8
  Eat: Chunk             |     7 |     6 |     9 ||    22
       Ration            |       |     1 |     4 ||     5
Armor: Plate armour      |   591 |   455 |   557 ||  1603
       Robe              |     4 |       |       ||     4
Dodge: Dodged            |    50 |    44 |   157 ||   251
Block: Buckler           |       |    45 |   140 ||   185
